Map: Central Protocol

Players

hinO - Winner!

  • Race: Zerg Zerg
  • League: Grandmaster

Miszu

  • Race: Terran Terran
  • League: Grandmaster

VOD

Have the link to the VOD?

Description

Time

  • Played on: Feb. 23, 2016, 12:33 p.m.
  • Length: 3:55
Show
View Real Time Build Order
Export as new Build Order

hinO Zerg - Winner!

Build Orders: Hatch First 

Get SALT Encoding   

  12  0:01  Drone  
  13  0:08  Drone  
  14  0:17  Overlord  
  14  0:28  Extractor x2, Drone  
  14  0:29  Drone  
  16  0:37  Drone  
  17  0:55  Hatchery  
  16  0:57  Drone  
  16  1:02  Extractor  
  16  1:03  Drone  
  17  1:16  Spawning Pool  
  16  1:20  Drone  
  16  1:22  Drone  
  18  1:27  Drone  
  19  1:40  Overlord  
  19  1:50  Drone  
  20  2:02  Drone  
  20  2:04  Metabolic Boost, Queen  
  20  2:07  Zergling x2  
  24  2:10  Zergling x2  
  24  2:14  Queen  
  27  2:20  Drone  
  28  2:24  Drone  
  29  2:31  Drone x2  
  31  2:39  Drone  
  31  2:43  Lair  
  32  2:50  Extractor  
  30  2:54  Spore Crawler  
  30  2:57  Zergling x6  
  31  2:59  Spore Crawler  
  31  3:02  Spore Crawler  
  31  3:04  Zergling x2  
  33  3:13  Zergling x6  
  33  3:19  Overlord  
  35  3:24  Zergling x2  
  36  3:28  Overlord  
  36  3:41  Drone x3  
Show
View Real Time Build Order
Export as new Build Order

Miszu Terran 

Build Orders:  

Get SALT Encoding   

  12  0:00  SCV  
  13  0:13  SCV  
  14  0:17  Supply Depot  
  14  0:25  SCV  
  15  0:33  Refinery  
  15  0:39  SCV  
  16  0:47  Barracks  
  16  0:51  SCV  
  17  1:01  Barracks  
  17  1:05  SCV  
  18  1:17  SCV  
  19  1:26  Barracks  
  19  1:30  SCV  
  20  1:35  Reaper  
  21  1:42  Orbital Command  
  21  1:50  Supply Depot  
  22  1:54  Reaper  
  22  1:59  Refinery  
  22  2:09  Reaper  
  22  2:14  SCV  
  24  2:19  Reaper  
  25  2:26  SCV  
  25  2:29  Reaper  
  27  2:34  Supply Depot  
  27  2:38  SCV  
  27  2:41  Reaper  
  29  2:50  SCV  
  30  2:57  Reaper  
  31  3:01  Reaper  
  31  3:03  SCV  
  32  3:13  Reaper  
  32  3:15  SCV  
  32  3:18  Supply Depot  
  32  3:27  SCV  
  35  3:39  SCV  
  35  3:40  Command Center  
Tags
 
Add a new tag
Caveats
  • Supply blocks, unpowered buildings, or Contaminate may cause inaccurate times.
  • Supply counts are checked every 10 seconds.